 Dungeon Crawl Stone Soup version 0.21-a0-401-g0b6bec4 (webtiles) character file.

98 4thArraOfDagon the Chucker (level 4, -2/34 HPs)
             Began as a Barachi Arcane Marksman on Oct 25, 2017.
             Slain by an adder (4 damage)
             ... on level 2 of the Dungeon.
             The game lasted 00:04:43 (800 turns).

4thArraOfDagon the Chucker (Barachi Arcane Marksman) Turns: 800, Time: 00:04:44

Health: -2/34      AC:  2    Str: 11    XL:     4   Next: 71%
Magic:  5/5        EV: 13    Int: 15    God:
Gold:   89         SH:  2    Dex: 12    Spells: 4/5 levels left

rFire    . . .     SeeInvis .   l - +1 flail
rCold    . . .     Gourm    .   (no shield)
rNeg     . . .     Faith    .   a - +0 robe
rPois    .         Spirit   .   (no helmet)
rElec    .         Reflect  +   (no cloak)
rCorr    .         Harm     .   (no gloves)
MR       .....                  (no boots)
Stlth    +.........             g - +2 amulet of reflection
HPRegen  0.11/turn              (no ring)
MPRegen  0.09/turn              (no ring)

@: hasted, quick
A: +LOS, swims, slowness 1, strong legs 1
a: Hop


You were on level 2 of the Dungeon.
You were not hungry.

You visited 1 branch of the dungeon, and saw 3 of its levels.

You collected 89 gold pieces.

Inventory:

Hand Weapons
 e - a +0 short sword
 l - a +1 flail (weapon)
Missiles
 c - 3 javelins (quivered)
Armour
 a - a +0 robe (worn)
Jewellery
 g - a +2 amulet of reflection (around neck)
Wands
 d - a wand of random effects (13/48)
Scrolls
 i - a scroll of enchant armour
Potions
 m - a potion of curing
Books
 b - a book of Debilitation

   Spells                             Type                      Level
   a - Corona                         Hexes                        1
   b - Slow                           Hexes                        2
   c - Inner Flame                    Hexes/Fire                   3
   d - Portal Projectile              Hexes/Translocation          3
   e - Cause Fear                     Hexes                        4
   f - Leda's Liquefaction            Hexes/Earth                  4
Comestibles
 f - a bread ration
 j - a meat ration


   Skills:
 + Level 2.7 Fighting
 * Level 3.6 Throwing
 + Level 3.1 Dodging
 - Level 1.1 Spellcasting
 - Level 3.2 Hexes


You had 4 spell levels left.
You knew the following spells:

 Your Spells              Type           Power        Failure   Level  Hunger
a - Corona                Hex            ##.....      6%          1    ##.....


Dungeon Overview and Level Annotations

Branches:
Dungeon (3/15)

Altars:

Annotations:
D:3 CasualChangeling's ghost, amateur DrBe


Innate Abilities, Weirdness & Mutations

Shadows flee at your approach. (+LOS)
You can swim through water.
You cover ground slowly.
You can hop short distances.


Message History

Aiming: Random Effects (will waste charges)
Press: ? - help, Shift-Dir - straight line, f/p - adder
Aim: an adder The fireball explodes!
The fireball engulfs the adder.
The adder is almost dead.
The fireball engulfs you!
* * * LOW HITPOINT WARNING * * *
Evoking this partially-identified wand wasted a few charges.
The adder bites you.
* * * LOW HITPOINT WARNING * * *
Unknown command.
The adder completely misses you.
Throwing (i - inventory):
c - 4 javelins (quivered)
Press: ? - help, Shift-Dir - straight line, f/p - adder
Aim: an adder (almost dead)
You throw a javelin.
The javelin hits the adder but does no damage.
The adder is almost dead.
The adder bites you.
You die...

#########.###.....
#...K.g...........
#g###########.....
#.# #..... #.#
#.#### #K# #.. P
#.# ##. . #S# ....
#@# #.P. #.# #..
#.# ### #.# #.#
..# ###


You could see an adder, a hobgoblin and a kobold.

Vanquished Creatures
  An orc wizard (D:3)
  2 gnolls (D:3)
  2 adders
  An ooze (D:1)
  2 dart slugs
  3 orcs (D:3)
  A giant cockroach (D:1)
  2 goblins (D:1)
  3 hobgoblins (D:1)
  2 bats
  4 kobolds (D:1)
  4 rats
27 creatures vanquished.

Notes
Turn   | Place    | Note
-------+----------+-------------------------------------------
     0 | D:1      | 4thArraOfDagon the Barachi Arcane Marksman began the quest for the Orb.
     0 | D:1      | Reached XP level 1. HP: 15/15 MP: 2/2
   108 | D:1      | Reached XP level 2. HP: 13/21 MP: 3/3
   252 | D:1      | HP: 1/22 [hobgoblin/club (3)]
   432 | D:2      | Reached XP level 3. HP: 21/27 MP: 4/4
   666 | D:3      | Reached XP level 4. HP: 28/34 MP: 5/5
   761 | D:3      | Noticed CasualChangeling's ghost (amateur DrBe)
   792 | D:2      | HP: 1/34 [adder (1)]
   800 | D:2      | Slain by an adder

Vault maps used:
D:1:      roderic_crossed_star, hangedman_decor_growths
D:2:      serial_bayou, serial_bayou_crossing, serial_bayou_pond_c,
          serial_bayou_lake_a, serial_bayou_pond_a, uniq_crazy_yiuf_cottage,
          uniq_robin, uniq_sigmund
D:3:      first_bread, uniq_jessica

Skill      XL: |  1  2  3 |
---------------+----------+-----
Fighting       | 2 |  2.7
Throwing       | 3 |  3.6
Dodging        | 3 |  3.1
Spellcasting   | |  1.1
Hexes          | |  3.2

Action                   |  1- 3 |  4- 6 || total
-------------------------+-------+-------++-------
Melee: Unarmed           |     3 |       ||     3
       Short sword       |    35 |       ||    35
       Flail             |    10 |    11 ||    21
Throw: Javelin           |    34 |     5 ||    39
       Throwing net      |     4 |       ||     4
Evoke: Wand              |       |     2 ||     2
  Use: Potion            |       |     3 ||     3
       Scroll            |       |     2 ||     2
 Stab: Held in net/web   |     1 |       ||     1
Armor: Robe              |    20 |     2 ||    22
Dodge: Dodged            |    60 |    14 ||    74
Block: Other             |     1 |       ||     1

Table legend:
 A = Spawn XP
 B = Non-spawn XP
 C = Spawn XP percentage of total XP
 D = Spawn monster count
 E = Non-spawn monster count
 F = Spawn count percentage of total count
 G = Total turns spent on level
                    A         B        C        D         E        F      G
               +---------+---------+-------+---------+---------+-------+---------
         Total |       0 |     141 |   0.0 |       0 |      27 |   0.0 |   800
               +---------+---------+-------+---------+---------+-------+---------
           D:1 |       0 |      33 |   0.0 |       0 |      16 |   0.0 |   426
           D:2 |       0 |      15 |   0.0 |       0 |       3 |   0.0 |   138
           D:3 |       0 |      93 |   0.0 |       0 |       8 |   0.0 |   236
               +---------+---------+-------+---------+---------+-------+---------
